 Dungeon Crawl Stone Soup version 0.23.2-1-ga50397a6bc (webtiles) character file.

Game seed: 13781051995128455390

8826 Gunterle the Carver (level 11, -2/56 HPs)
             Began as a Vine Stalker Monk on May 6, 2019.
             Was a Follower of Uskayaw.
             Slain by a seven-headed hydra (14 damage)
             ... on level 1 of the Lair of Beasts.
             The game lasted 00:52:59 (8371 turns).

Gunterle the Carver (Vine Stalker Monk)             Turns: 8371, Time: 00:53:00

Health: -2/56      AC:  7    Str: 13    XL:     11   Next: 36%
Magic:  0/16       EV: 15    Int: 13    God:    Uskayaw [*.....]
Gold:   415        SH:  0    Dex: 18    Spells: 10/10 levels left

rFire    + . .     SeeInvis +   D - +0 blowgun
rCold    . . .     Gourm    +   (no shield)
rNeg     . . .     Faith    .   J - +2 robe {rF+}
rPois    .         Spirit   +   (no helmet)
rElec    .         Reflect  .   C - +0 cloak
rCorr    .         Harm     .   r - +1 pair of gloves
MR       +....     Rnd*Tele +   (no boots)
Stlth    ++........             k - amulet of the gourmand
HPRegen  0.58/turn              f - ring of see invisible
MPRegen  0.15/turn              u - ring of teleportation (curse)

@: no status effects
A: fangs 3, regeneration 1, magic shield, antimagic bite, no potion heal 3, rot
immunity
a: Stomp, Renounce Religion


You were on level 1 of the Lair of Beasts.
You worshipped Uskayaw.
Uskayaw was noncommittal.
You were very full.

You visited 3 branches of the dungeon, and saw 11 of its levels.

You collected 415 gold pieces.

Inventory:

Hand Weapons
 a - a +0 falchion
 o - a +1 long sword of electrocution
 D - a +0 blowgun (weapon)
 I - a +1 long sword of draining
 N - a +5 scimitar
Missiles
 b - 52 sling bullets
 h - 32 bolts
 j - 76 poisoned needles (quivered)
 l - 2 needles of paralysis
 v - 143 arrows
 x - 2 needles of sleeping
 Q - 10 tomahawks
 S - a throwing net
Armour
 r - a +1 pair of gloves (worn)
 C - a +0 cloak (worn)
 J - a +2 robe of fire resistance (worn)
Jewellery
 f - a ring of see invisible (left hand)
 k - an amulet of the gourmand (around neck)
 n - an uncursed ring of fire
 p - an uncursed ring of positive energy {unknown}
 u - a cursed ring of teleportation (right hand)
 T - an uncursed ring of ice
Wands
 d - a wand of polymorph (11)
 G - a wand of disintegration (11)
 L - a wand of flame (4)
Scrolls
 e - a scroll of blinking
 g - 2 scrolls of teleportation
 i - a scroll of enchant armour
 m - 4 scrolls of fog
 q - 3 scrolls of immolation
 y - 5 scrolls of amnesia
 A - 3 scrolls of enchant weapon
 E - 3 scrolls of identify
 R - a scroll of magic mapping
Potions
 s - a potion of mutation
 t - a potion of brilliance
 w - 2 potions of curing
 z - a potion of ambrosia
 F - 3 potions of might
 H - a potion of flight
 O - a potion of resistance
Comestibles
 c - 12 rations
 B - 5 chunks of flesh


   Skills:
 + Level 5.6 Fighting
 * Level 12.6 Long Blades
 + Level 5.1 Dodging
 - Level 2.4 Stealth
 * Level 5.3 Invocations
 + Level 4.3 Evocations


You had 10 spell levels left.
You didn't know any spells.
Your spell library contained the following spells:

 Spells                   Type           Power        Failure   Level  Hunger
 Sandblast                Erth           #.....       30%         1    ##.....
 Passwall                 Tmut/Erth      #.......     43%         2    ###....
 Stone Arrow              Conj/Erth      #.....       67%         3    ####...
 Petrify                  Tmut/Erth      #.......     97%         4    #####..
 Lee's Rapid Deconstruct  Erth           #.........   100%        5    ######.


Dungeon Overview and Level Annotations

Branches:
Dungeon (9/15)             Temple (1/1) D:7            Lair (1/6) D:9
    Orc (0/2) D:9

Altars:
Ashenzari
Cheibriados
Dithmenos
Elyvilon
Fedhas
Gozag
Hepliaklqana
Kikubaaqudgha
Makhleb
Nemelex Xobeh
Okawaru
Qazlal
Ru
Sif Muna
Trog
Uskayaw
Vehumet
Wu Jian
Xom
Yredelemnul
Zin
The Shining One

Shops:
D:5 }   D:9 [

Portals:
Volcano: Lair:1

Annotations:
D:9 exclusion: 2 doors


Innate Abilities, Weirdness & Mutations

You have razor-sharp teeth.
Your natural rate of healing is unusually fast.
When hurt, damage is shared between your health and your magic reserves.
Your bite disrupts and absorbs the magic of your enemies.
Potions cannot restore your health.
You are immune to rotting.


Message History

The seven-headed hydra is no longer paralysed.
You see here a komodo dragon corpse.
You can no longer pass through a line of other dancers.
You see here a ration.
You hear the brisk rumble of a distant avalanche of rocks.
Some of the chunks of flesh in your inventory have rotted away.
Found a dark tunnel.
The seven-headed hydra bites you.
The seven-headed hydra completely misses you.
The seven-headed hydra bites you.
The seven-headed hydra closely misses you.
The seven-headed hydra bites you.
The seven-headed hydra closely misses you.
The seven-headed hydra bites you!
Wield which item (- for none, * to show all)? (? for menu, Esc to quit)
D - a +0 blowgun (weapon)
The seven-headed hydra bites you! x2; The seven-headed hydra bites you!!
* * * LOW HITPOINT WARNING * * *
The seven-headed hydra bites you!
You die...

#....)..####..###..........#.###
#...#P.#####[..###P###.....#.#
#...##.# #.#..## ### #....#..# #
##...##.# ##....## ###....##.###
#....##.###......####.P..........
#....#.##.......................
#......#........................
##.##########....##.###.........
#......###.###@.#### ###.###.##
#.#######∩...#.D.# ### ###. ##.#
#......## ## #P.# ###....# # ##.#
##...# ## #.# ##.## #P ###.# .##
## ....# .# # #P.## #


You could see a seven-headed hydra.

Vanquished Creatures
  Psyche (D:8)
  A spiny frog (Lair:1)
  A komodo dragon (Lair:1)
  2 trolls
  Grinder (D:5)
  2 hornets
  4 blink frogs (Lair:1)
  3 hippogriffs
  Sigmund (D:5)
  2 yaks (D:9)
  A wyvern (D:9)
  A shadow (D:9)
  2 basilisks (D:9)
  A steam dragon (D:9)
  A water moccasin (Lair:1)
  Duvessa (D:4)
  2 ice beasts (D:5)
  5 orc warriors
  2 sky beasts
  A necrophage (D:9)
  An ogre (D:4)
  A centaur (D:9)
  3 phantoms
  2 crocodiles (Lair:1)
  2 big kobolds
  A wyvern zombie (D:8)
  4 bullfrogs
  Dowan (D:4)
  A water moccasin zombie (D:8)
  5 scorpions
  3 killer bees (D:7)
  5 wights
  3 howler monkeys
  A centaur zombie (D:8)
  5 crimson imps
  6 hounds
  3 orc priests
  4 jellies
  A bullfrog skeleton (D:9)
  Crazy Yiuf (D:4)
  4 centaur skeletons
  A gnoll shaman (D:5)
  4 iguanas
  9 orc wizards
  5 worker ants
  3 hound skeletons
  8 gnolls
  7 adders
  A shadow imp (D:9)
  2 oozes
  An adder zombie (D:5)
  An adder skeleton (D:9)
  A worm (D:5)
  2 dart slugs
  4 leopard geckos
  48 orcs
  A ball python (D:1)
  12 bats
  7 giant cockroaches
  4 hobgoblins
  17 jackals
  3 quokkas
  7 frilled lizards
  3 goblins
  14 kobolds
  A leopard gecko zombie (D:5)
  5 rats
263 creatures vanquished.

Vanquished Creatures (others)
  An orc priest (D:4)
  A gnoll (D:9)
  A shadow imp (D:9)
  A plant (Lair:1)
4 creatures vanquished.

Grand Total: 267 creatures vanquished

Notes
Turn   | Place    | Note
-------+----------+-------------------------------------------
     0 | D:1      | Gunterle the Vine Stalker Monk began the quest for the Orb.
     0 | D:1      | Reached XP level 1. HP: 11/11 MP: 2/2
    58 | D:1      | Reached skill level 3 in Long Blades
    60 | D:1      | Reached XP level 2. HP: 15/16 MP: 3/3
   321 | D:1      | Reached XP level 3. HP: 15/19 MP: 4/4
   428 | D:1      | Reached skill level 4 in Long Blades
   906 | D:2      | Found a shattered altar of Ashenzari.
  1159 | D:2      | Found a burning altar of Makhleb.
  1168 | D:2      | Found an ornate altar of the Wu Jian Council.
  1169 | D:2      | Found an ancient bone altar of Kikubaaqudgha.
  1172 | D:2      | Found an opulent altar of Gozag.
  1576 | D:3      | Gained mutation: Your natural rate of healing is unusually
                  | fast. [Vine Stalker growth]
  1576 | D:3      | Reached XP level 4. HP: 21/23 MP: 3/5
  2465 | D:4      | Found a stormy altar of Qazlal.
  2481 | D:4      | Noticed an ogre
  2493 | D:4      | Reached skill level 5 in Long Blades
  2552 | D:4      | Noticed Duvessa
  2552 | D:4      | Noticed Dowan
  2556 | D:3      | Reached XP level 5. HP: 21/27 MP: 6/6
  2616 | D:4      | Killed an ogre
  2635 | D:4      | Reached XP level 6. HP: 22/32 MP: 2/7
  2639 | D:4      | Reached skill level 6 in Long Blades
  2718 | D:4      | Killed Duvessa
  2720 | D:4      | Killed Dowan
  2740 | D:3      | Reached skill level 7 in Long Blades
  2740 | D:3      | Reached XP level 7. HP: 35/35 MP: 8/8
  2864 | D:4      | Found a runed translucent door.
  2865 | D:4      | Noticed Crazy Yiuf
  2870 | D:4      | Killed Crazy Yiuf
  3213 | D:5      | Entered Level 5 of the Dungeon
  3228 | D:5      | Reached skill level 8 in Long Blades
  3436 | D:5      | Gained mutation: You have razor-sharp teeth. [Vine Stalker
                  | growth]
  3436 | D:5      | Reached XP level 8. HP: 33/39 MP: 5/9
  3490 | D:5      | Noticed a troll
  3502 | D:5      | Killed a troll
  3502 | D:5      | Reached skill level 9 in Long Blades
  3593 | D:5      | Noticed Grinder
  3620 | D:5      | Killed Grinder
  3620 | D:5      | Reached skill level 10 in Long Blades
  3682 | D:5      | Noticed Sigmund
  3710 | D:5      | Killed Sigmund
  3710 | D:5      | Reached XP level 9. HP: 29/43 MP: 6/10
  3822 | D:5      | Found Viysikasch's Gadget Boutique.
  3985 | D:5      | Found a deep blue altar of Sif Muna.
  4317 | D:6      | Reached skill level 11 in Long Blades
  5289 | D:7      | Reached skill level 1 in Evocations
  5432 | D:7      | Found a staircase to the Ecumenical Temple.
  5454 | Temple   | Entered the Ecumenical Temple
  5501 | Temple   | Became a worshipper of Uskayaw the Reveler
  5501 | Temple   | Reached * piety under Uskayaw
  5736 | D:7      | Noticed a hornet
  5737 | D:7      | Paralysed by a hornet for 2 turns
  5922 | D:7      | Reached ** piety under Uskayaw
  5972 | D:7      | Killed a hornet
  5972 | D:7      | Reached skill level 1 in Invocations
  5974 | D:7      | Reached *** piety under Uskayaw
  6120 | D:8      | Reached XP level 10. HP: 49/49 MP: 12/12
  6629 | D:8      | Found a glowing golden altar of the Shining One.
  6790 | D:8      | Reached **** piety under Uskayaw
  6800 | D:8      | Reached ***** piety under Uskayaw
  7007 | D:8      | Noticed Psyche
  7011 | D:8      | Killed Psyche
  7061 | D:9      | Found a staircase to the Lair.
  7064 | D:9      | Reached skill level 12 in Long Blades
  7259 | D:9      | Reached skill level 5 in Fighting
  7260 | D:9      | Noticed a catoblepas
  7500 | D:9      | Reached XP level 11. HP: 44/55 MP: 11/15
  7580 | D:9      | Found a staircase to the Orcish Mines.
  7658 | D:9      | Found Nejonn's Armour Shop.
  7674 | D:9      | Noticed a centaur warrior
  7674 | D:9      | Noticed a red ugly thing
  7674 | D:9      | Noticed a salamander
  7796 | D:9      | Found an iron altar of Okawaru.
  7864 | Lair:1   | Entered Level 1 of the Lair of Beasts
  8135 | Lair:1   | Reached skill level 5 in Dodging
  8135 | Lair:1   | Reached skill level 5 in Invocations
  8255 | Lair:1   | Noticed a six-headed hydra
  8368 | Lair:1   | Found a dark tunnel.
  8371 | Lair:1   | Slain by a seven-headed hydra

Skill      XL: |  1  2  3  4  5  6  7  8  9 10 11 |
---------------+----------------------------------+-----
Long Blades    | 3 4 5 7 8 10 11 12 | 12.6
Fighting       | 3 5 |  5.6
Dodging        | 3 4 5 |  5.1
Evocations     | 2 3 4 |  4.3
Invocations    | 1 4 5 |  5.3
Stealth        | |  2.4

Action                   |  1- 3 |  4- 6 |  7- 9 | 10-12 || total
-------------------------+-------+-------+-------+-------++-------
Melee: Falchion          |    95 |    30 |       |       ||   125
       Bite              |    31 |     9 |    86 |   117 ||   243
       Long sword        |       |    21 |   242 |   276 ||   539
Throw: Stone             |     1 |     5 |    60 |     8 ||    74
       Tomahawk          |       |       |       |    11 ||    11
Invok: Line Pass         |       |       |       |     1 ||     1
Evoke: Wand              |       |     9 |    11 |    11 ||    31
  Use: Scroll            |     1 |     3 |    15 |     5 ||    24
       Potion            |       |       |     2 |     1 ||     3
 Stab: Sleeping          |     6 |     1 |     4 |     6 ||    17
       Paralysed         |       |       |     1 |    15 ||    16
       Petrified         |       |       |       |     4 ||     4
       Confused          |       |       |       |     1 ||     1
  Eat: Chunk             |     2 |     4 |    28 |     7 ||    41
Armor: Robe              |    18 |    14 |    30 |    46 ||   108
Dodge: Dodged            |    84 |    31 |   116 |   127 ||   358
       Rpst.: Falchion   |    18 |     4 |       |       ||    22
       Long sword        |       |     3 |    34 |    31 ||    68
